Selects Australian Defense Battlegroup
Selects Australian Light Infantry Section
Australian Light Infantry Section
Construct Section Command Post
Selects 2-pounder Anti-tank Gun Team
Construct Platoon Command Post
Construct Company Command Post
Selects CMP 15cwt Supply Run
Selects Defensive Tactics
Selects CMP 15cwt Supply Run
Selects Reinforced Resource Caches
Unlock M3 Grant Medium Tanks
Selects Charged Creeping Barrage